 Dungeon Crawl Stone Soup version 0.31-a0-263-ge8cad7f256 (webtiles) character file.

Game seed: 3079497204274619995

3967609 Shard1697 the Cryomancer (level 25, 223/223 HPs)
             Began as a Pale Draconian Summoner on July 13, 2023.
             Was the Champion of Cheibriados.
             Escaped with the Orb
             ... and 5 runes!
             The game lasted 02:41:10 (50545 turns).

Shard1697 the Cryomancer (Pale Draconian Summoner) Turns: 50545, Time: 02:41:10

Health: 223/223    AC: 21    Str: 29    XL:     25   Next: 68%
Magic:  32/32      EV: 44    Int: 38    God:    Cheibriados [******]
Gold:   2298       SH: 25    Dex: 34    Spells: 15/53 levels left

rFire   + + +        b - +3 trishula (holy)
rCold   + + +        p - +4 kite shield {rN+}
rNeg    + . .        (body armour unavailable)
rPois   .            w - +0 hat "Zaal" {Int+2 Slay+2}
rElec   +            E - scarf of Infinity {rC+ rF+, rElec Int+3 Dex-4}
rCorr   .            S - +2 pair of gloves {Stlth+}
SInv    .            n - +1 pair of boots "Jyaskout" {rC+++ Regen+ Str+2 Int-2}
Will    ++...        L - amulet "Ivvi" {Faith Dex+7}
Stlth   ++           r - ring of Dim Light {rF++ Will+ MP-9 AC+4 Dex+2}
HPRegen 1.37/turn    u - ring of the Hare {EV+10}
MPRegen 0.23/turn

%: faith
@: very slow
A: breathe steam, AC +12, unfitting armour, cold-blooded, steam resistance,
horns 1, large bone plates 1, deterioration 2, dopey 2, mutation resistance 1,
screaming 1
0: Orb of Zot
}: 5/15 runes: decaying, serpentine, slimy, silver, abyssal
a: Breathe Steam, Renounce Religion, Bend Time, Temporal Distortion, Slouch,
Step From Time


You escaped.
You worshipped Cheibriados.
Cheibriados was exalted by your worship.
You visited 10 branches of the dungeon, and saw 52 of its levels.
You visited the Abyss 1 time.
You visited 1 bazaar.
You also visited: Gauntlet and Ice Cave.

You collected 6389 gold pieces.
You spent 4091 gold pieces at shops.

Inventory:

Hand Weapons
 a - a +9 demon trident of electrocution
 b - a +3 trishula of holy wrath (weapon)
Armour
 n - the +1 pair of boots "Jyaskout" (worn) {rC+++ Regen+ Str+2 Int-2}
   (You acquired it on level 5 of the Dungeon)

   Str:       It affects your strength (+2).
   Int:       It affects your intelligence (-2).
   rC:        It renders you almost immune to cold.
   Regen:     It increases your rate of health regeneration.
 p - a +4 kite shield of positive energy (worn)
 w - the +0 hat "Zaal" (worn) {Int+2 Slay+2}
   (You acquired it on level 5 of the Vaults)

   Int:       It affects your intelligence (+2).
   Slay:      It affects your accuracy & damage with ranged weapons and melee
   (+2).
 E - the scarf of Infinity (worn) {rC+ rF+, rElec Int+3 Dex-4}
   (You found it on level 3 of the Lair of Beasts)

   Int:       It affects your intelligence (+3).
   Dex:       It affects your dexterity (-4).
   rElec:     It insulates you from electricity.
 S - a +2 pair of gloves of stealth (worn)
 V - the +2 pair of slick slippers {slick, slippery, EV+4}
   (You bought it in a shop on level 15 of the Dungeon)

   Slick:     Its wearer cannot be constricted, engulfed, netted or webbed.
   Slippery:  Its wearer slips away from damaging melee attacks, pulling the
   attacker onward.
   EV:        It affects your evasion (+4).
 Y - a +4 kite shield of protection
Jewellery
 k - the ring "Hieriwk" {Str+6 Slay+3}
   (You found it in a Gauntlet)

   [ring of strength]

   Str:       It affects your strength (+6).
   Slay:      It affects your accuracy & damage with ranged weapons and melee
   (+3).
 r - the ring of Dim Light (left hand) {rF++ Will+ MP-9 AC+4 Dex+2}
   (You found it on level 15 of the Dungeon)

   [ring of protection]

   AC:        It affects your AC (+4).
   Dex:       It affects your dexterity (+2).
   rF:        It greatly protects you from fire.
   MP:        It affects your magic capacity (-9).
   Will:      It increases your willpower.
 u - the ring of the Hare (right hand) {EV+10}
   (You found it in an ice cave)

   [ring of evasion]

   EV:        It affects your evasion (+10).
 v - the ring of the Clam {Fly rC+ MP+9 Dex+3}
   (You took it off a deep elf demonologist on level 3 of the Elven Halls)

   [ring of flight]

   Dex:       It affects your dexterity (+3).
   rC:        It protects you from cold.
   MP:        It affects your magic capacity (+9).
   Fly:       It grants you flight.
 C - the ring "Wuhece" {rC+ Str+6 Dex+6}
   (You found it in a Gauntlet)

   [ring of dexterity]

   Str:       It affects your strength (+6).
   Dex:       It affects your dexterity (+6).
   rC:        It protects you from cold.
 K - the amulet of Kyungus {Regen+ Dex+3}
   (You found it on level 15 of the Dungeon)

   [amulet of regeneration]

   Dex:       It affects your dexterity (+3).
   Regen:     It increases your rate of health regeneration.
 L - the amulet "Ivvi" (around neck) {Faith Dex+7}
   (You bought it in a shop on level 2 of the Depths)

   [amulet of faith]

   It allows you to gain divine favour quickly.
   Dex:       It affects your dexterity (+7).
 P - a ring of ice
 R - a ring of poison resistance
 Z - the ring of Todiwnie {Will+ rCorr Int+3 Slay+2}
   (You found it on level 5 of the Pits of Slime)

   [ring of resist corrosion]

   Int:       It affects your intelligence (+3).
   Slay:      It affects your accuracy & damage with ranged weapons and melee
   (+2).
   rCorr:     It protects you from acid and corrosion.
   Will:      It increases your willpower.
Wands
 o - a wand of light (96)
 x - a wand of iceblast (72)
 y - a wand of mindburst (43)
 O - a wand of digging (10)
Scrolls
 h - 5 scrolls of silence
 i - 17 scrolls of teleportation
 m - 3 scrolls of summoning
 s - 7 scrolls of fog
 B - a scroll of brand weapon
 D - 43 scrolls of identify
 F - 5 scrolls of blinking
 J - 7 scrolls of poison
 W - 4 scrolls of amnesia
 X - 2 scrolls of fear
Potions
 c - 8 potions of attraction
 d - 2 potions of might
 e - 17 potions of curing
 f - 3 potions of brilliance
 g - a potion of berserk rage
 l - 2 potions of cancellation
 q - 2 potions of magic
 t - 5 potions of resistance
 z - 6 potions of mutation
 A - a potion of ambrosia
 G - 6 potions of heal wounds
 H - 3 potions of invisibility
 N - 4 potions of enlightenment
 Q - 8 potions of lignification
Miscellaneous
 M - a phantom mirror
 T - a phial of floods


   Skills:
 * Level 17.8 Fighting
 - Level 7.6 Maces & Flails
 + Level 16.9 Polearms
 * Level 17.6 Dodging
 - Level 5.5 Stealth
 - Level 15.0 Shields
 - Level 14.7 Spellcasting
 - Level 14.8 Summonings
 - Level 5.0 Necromancy
 - Level 1.2 Translocations
 - Level 25.0 Ice Magic
 - Level 8.8 Air Magic
 - Level 10.4 Invocations


You had 15 spell levels left.
You knew the following spells:

 Your Spells              Type           Power      Damage    Failure   Level
a - Blink                 Tloc           74%        N/A       1%          2
c - Ozocubu's Refrigerat  Ice            60%        4d20      1%          7
d - Summon Lightning Spi  Summ/Air       87%        N/A       1%          4
f - Airstrike             Air            38%        2d(6-22)  1%          4
g - Freezing Cloud        Conj/Ice/Air   42%        6-21      1%          5
r - Polar Vortex          Ice            60%        12d8*     6%          9
t - Monstrous Menagerie   Summ           48%        N/A       3%          7

Your spell library contained the following spells:

 Spells                   Type           Power      Damage    Failure   Level
 Summon Small Mammal      Summ           100%       N/A       0%          1
 Call Imp                 Summ           100%       N/A       0%          2
 Ensorcelled Hibernation  Hex/Ice        100%       N/A       0%          2
 Call Canine Familiar     Summ           96%        N/A       0%          3
 Frozen Ramparts          Ice            100%       1d16      0%          3
 Ozocubu's Armour         Ice            100%       N/A       0%          3
 Summon Ice Beast         Ice/Summ       100%       N/A       0%          4
 Apportation              Tloc           74%        N/A       1%          1
 Kiss of Death            Conj/Necr      100%       2d13      1%          1
 Magic Dart               Conj           100%       1d8       1%          1
 Necrotise                Necr           100%       1d9       1%          1
 Sandblast                Erth           56%        2d13      1%          1
 Sting                    Tmut/Pois      100%       1d8       1%          1
 Momentum Strike          Conj/Tloc      64%        3d9       1%          2
 Poisonous Vapours        Pois/Air       100%       N/A       1%          2
 Static Discharge         Conj/Air       100%       2-7/arc   1%          2
 Hailstorm                Conj/Ice       89%        3d18      1%          3
 Mephitic Cloud           Conj/Pois/Air  50%        N/A       1%          3
 Summon Guardian Golem    Hex/Summ       71%        N/A       1%          3
 Swiftness                Air            76%        N/A       1%          3
 Vampiric Draining        Necr           61%        2d10      1%          3
 Vhi's Electric Charge    Tloc/Air       100%       N/A       1%          3
 Metabolic Englaciation   Hex/Ice        44%        N/A       1%          5
 Summon Forest            Summ/Tloc      36%        N/A       1%          5
 Simulacrum               Ice/Necr       48%        N/A       1%          6
 Summon Cactus Giant      Summ           48%        N/A       1%          6
 Passwall                 Tmut/Erth      23%        N/A       2%          2
 Scorch                   Fire           56%        2d7       2%          2
 Wereblood                Tmut           28%        N/A       2%          2
 Summon Mana Viper        Hex/Summ       71%        N/A       2%          5
 Gell's Gravitas          Tloc           37%        N/A       3%          3
 Teleport Other           Tloc           37%        N/A       3%          3
 Summon Hydra             Summ           48%        N/A       3%          7
 Ignite Poison            Fire/Tmut/Pois 28%        N/A       4%          3
 Inner Flame              Hex/Fire       28%        N/A       4%          3
 Portal Projectile        Hex/Tloc       64%        N/A       4%          3
 Stone Arrow              Conj/Erth      56%        3d10      4%          3
 Tukima's Dance           Hex            28%        N/A       4%          3
 Agony                    Necr           61%        N/A       6%          5
 Arcjolt                  Conj/Air       28%        1d38      8%          5
 Silence                  Hex/Air        28%        N/A       8%          5
 Manifold Assault         Tloc           37%        N/A       10%         4
 Passage of Golubria      Tloc           37%        N/A       10%         4
 Iskenderun's Mystic Bla  Conj/Tloc      32%        2d8       13%         4
 Cause Fear               Hex            14%        N/A       17%         4
 Flame Wave               Conj/Fire      28%        2d9       17%         4
 Leda's Liquefaction      Hex/Erth       14%        N/A       17%         4
 Olgreb's Toxic Radiance  Pois           28%        N/A       17%         4
 Petrify                  Tmut/Erth      28%        N/A       17%         4
 Sticky Flame             Conj/Fire      28%        2d5       17%         4
 Borgnjor's Vile Clutch   Necr/Erth      23%        N/A       17%         5
 Haunt                    Necr/Summ      40%        N/A       24%         7
 Plasma Beam              Fire/Air       28%        2x1d41    38%         6
 Alistair's Intoxication  Tmut/Pois      18%        N/A       43%         5
 Fireball                 Conj/Fire      14%        3d8       43%         5
 Irradiate                Conj/Tmut      14%        3d16      43%         5
 Lee's Rapid Deconstruct  Erth           14%        3d9*      43%         5
 Yara's Violent Unravell  Hex/Tmut       14%        3d7       43%         5
 Malign Gateway           Summ/Tloc      36%        N/A       45%         7
 Dispersal                Tloc           18%        N/A       83%         6
 Eringya's Noxious Bog    Tmut/Pois      14%        4d6       95%         6
 Leda's Unmaking          Conj/Erth      14%        9d3       95%         6
 Dragon's Call            Summ           48%        N/A       98%         9
 Enfeeble                 Hex            14%        N/A       100%        7
 Orb of Destruction       Conj           14%        9d7       100%        7
 Borgnjor's Revivificati  Necr           30%        N/A       100%        8
 Ignition                 Fire           14%        3d6       100%        8
 Lehudib's Crystal Spear  Conj/Erth      14%        10d5      100%        8
 Chain Lightning          Conj/Air       28%        3d38      100%        9
 Death's Door             Necr           30%        N/A       100%        9
 Fire Storm               Conj/Fire      14%        8d4       100%        9
 Shatter                  Erth           14%        3d14*     100%        9


Dungeon Overview and Level Annotations

Branches:
Dungeon (15/15)            Temple (0/1) D:5            Lair (5/5) D:9
  Swamp (4/4) Lair:2        Snake (4/4) Lair:3        Slime (5/5) Lair:5
    Orc (2/2) D:12            Elf (3/3) Orc:2        Vaults (5/5) D:14
  Crypt (0/3) Vaults:3     Depths (4/4) D:15            Zot (5/5) Depths:4
  IceCv (visited)         Gauntlet (visited)

Altars:
Ashenzari
Cheibriados
Elyvilon
Gozag
Kikubaaqudgha
Makhleb
Okawaru
Qazlal
Ru
Trog
Uskayaw
Xom
Yredelemnul
Zin
The Shining One
Jiyva

Shops:
D:1 (   D:8 =   D:15 [*?   Orc:2 !*:*(   Elf:1 *?([   Snake:1 [   Snake:3 :(=?
Vaults:2 [((:   Depths:2 [=[[

Portals:
Hell: Depths:2 Depths:4
Abyss: Depths:1 Depths:4
Pandemonium: Depths:4
Ziggurat: Depths:2

Annotations:
Zot:1 6 runed translucent doors


Innate Abilities, Weirdness & Mutations

You can breathe blasts of scalding, opaque steam.
Your pale cyan-grey scales are hard. (AC +12)
You cannot fit into any form of body armour.
You are cold-blooded and may be slowed by cold attacks.
You are immune to the effects of steam.
You have a pair of small horns on your head.
You are partially covered in large bone plates. (SH +4)
Your body often deteriorates upon taking damage.
You are very dopey. (Int -4)
You are somewhat resistant to further mutation.
You occasionally shout uncontrollably at your foes.


Message History

You kill the rust devil!
Cheibriados thoroughly appreciates the change of pace.
No target in view!
No target in view!
There is an open door here.
There is a stone staircase leading up here.
You climb upwards.
There is a stone staircase leading down here.
You climb downwards.
There is a stone staircase leading up here.
You climb upwards.
There is a stone staircase leading down here.
There is a stone staircase leading up here.
You climb upwards.
There is a stone staircase leading down here.
There is a stone staircase leading up here.
You climb upwards.
There is a stone staircase leading down here.
There is a stone staircase leading up here.
You climb upwards.
There is a stone staircase leading down here.
An Executioner comes into view.
Activating: Slouch (1% risk of failure)
Press: ? - help, Dir - look around, f - activate You can feel time thicken for a moment.
The Executioner gestures.
The Executioner seems to speed up.
You block the Executioner's attack. x5; The Executioner completely misses you. x4
The Executioner hits you!
The Executioner hits you but does no damage.
The Executioner completely misses you.
You impale the Executioner!!
You kill the Executioner!
Cheibriados thoroughly appreciates the change of pace.
No target in view!
HP restored.
Magic restored.
There is an open door here.
There is a staircase leading out of the dungeon here.
You have escaped!

#...#)##..###.######### #.#†..
#..(.....§.##.#.......###.....
###..≈§≈§...#....≈≈≈≈..##.#.†)
#§≈§≈≈≈≈......≈≈≈≈≈≈.#...#..
#.§§≈≈≈≈......≈≈≈≈≈≈...#.#..
#.≈§≈≈≈≈......≈≈≈≈≈≈.###.#..
######..≈≈≈≈..##'#..≈≈≈≈..#
#.#..
.............###.##......##
#.#..
.########....+.>@.'...####
#.#.. .#
##.#.###.##....######....
.#####
#.#..##+#..##...........
.....#
#.##..................##
.###.# #.#####...###########.#
.# #.# #.# ##.## #.# .# #.#
#.# #.# #.# .# #.# #.# #.# #.#
.###.#####.# #.# #.#


There were no monsters in sight!

Vanquished Creatures
  the Royal Jelly (Slime:5)
  Dissolution (Slime:5)
  A seraph (Zot:2)
  3 dread liches (Zot:5)
  4 orbs of fire (Zot:5)
  An ancient lich (Zot:5)
  A juggernaut (Depths:4)
  Sojobo (Depths:4)
  Boris (Vaults:2)
  11 Killer Klowns
  Bai Suzhen (Vaults:2)
  Vashnia (Snake:4)
  2 curse toes
  the Lernaean hydra (Swamp:4)
  2 golden dragons
  A pandemonium lord (Depths:3)
  2 Tzitzimimeh
  4 liches
  An electric golem (Zot:5)
  9 tentacled monstrosities
  A hellephant (D:9)
  25 Orb Guardians
  6 quicksilver dragons
  Asterion (Elf:2)
  3 deep elf master archers (Elf:3)
  A titan (Vaults:5)
  14 acid blobs (Slime:5)
  4 sphinxes
  A deep elf blademaster (Elf:3)
  An Executioner (D:1)
  7 death cobs
  An ancient champion (Elf:3)
  Kirke (D:14)
  4 tentacled starspawn (Abyss:3)
  9 storm dragons
  A sphinx (shapeshifter) (Vaults:5)
  5 nagarajas (Snake:4)
  6 shadow dragons
  6 tengu reavers
  A thorn hunter (Swamp:2)
  6 draconian monks
  7 draconian knights
  8 azure jellies
  9 rockslimes (Slime:5)
  8 fire giants
  3 draconian scorchers
  9 deep elf sorcerers
  4 frost giants
  4 spectral caustic shrikes (Depths:2)
  An orc warlord (Vaults:2)
  11 vault wardens
  6 draconian annihilators
  2 ghost moths
  6 deep elf elementalists (Elf:3)
  4 draconian stormcallers
  4 draconian shifters
  A reaper (Zot:1)
  13 ironbound preservers
  2 angels (Zot:2)
  5 stone giants
  A very ugly thing (Vaults:5)
  11 quicksilver oozes
  A formless jellyfish (Slime:5)
  2 war gargoyles (Vaults:5)
  4 ironbound thunderhulks
  7 deep elf demonologists
  2 vampire knights
  3 green draconians
  9 dire elephants
  8 eleionomae
  11 white draconians
  9 red draconians
  6 deep elf annihilators
  7 black draconians
  3 bunyips
  10 purple draconians
  5 yellow draconians
  A bunyip (shapeshifter) (Elf:3)
  5 starcursed masses (Abyss:3)
  A blizzard demon (Depths:4)
  A crystal guardian (Vaults:3)
  10 deep elf death magi
  4 spectral elves (Elf:3)
  6 ettins
  Josephine (Swamp:1)
  21 yaktaur captains
  A shambling mangrove (Swamp:4)
  12 great orbs of eyes
  2 fire dragons
  3 deep elf high priests
  5 ice dragons
  3 peacekeepers
  2 salamander tyrants
  2 entropy weavers (Vaults:1)
  2 rakshasas
  16 hydras
  41 vault guards
  Erolcha (D:10)
  4 spriggan air magi
  6 ogre magi
  16 centaur warriors
  10 anacondas
  2 two-headed ogres
  8 ironbound frosthearts
  3 boulder beetles
  3 tengu warriors
  6 deep troll earth magi
  13 alligators
  7 death yaks
  6 deep troll shamans
  2 death knights
  A vampire mage (Elf:3)
  18 naga warriors
  27 dancing weapons
  5 orc high priests (Orc:2)
  5 spriggan berserkers
  2 soul eaters (Depths:4)
  7 naga sharpshooters
  5 shock serpents
  A skyshark (Lair:5)
  5 salamander mystics
  2 shadow wraiths
  23 deep elf knights
  5 goliath frogs
  2 glowing orange brains
  46 deep trolls
  7 iron trolls
  13 bog bodies
  3 shadow demons
  6 skeletal warriors
  A spectral anaconda (Snake:4)
  11 swamp dragons
  2 flayed ghosts
  3 elf simulacra (Elf:3)
  6 wizards
  14 orc knights
  6 phantasmal warriors
  4 spriggan druids
  18 deep elf archers
  16 ironbound convokers
  3 lindwurms (Vaults:1)
  31 deep elf pyromancers
  3 naga ritualists
  A wolf spider (Lair:5)
  24 deep elf zephyrmancers
  2 necromancers (Vaults:1)
  7 mana vipers
  2 harpies
  6 cyclopes
  2 oklob plants (Abyss:3)
  21 ugly things
  2 shining eyes
  A wolf spider (shapeshifter) (Vaults:5)
  An orc sorcerer (Orc:1)
  19 salamanders
  4 manticores
  3 will-o-the-wisps
  A worldbinder (Abyss:3)
  An elephant (shapeshifter) (Vaults:5)
  21 moths of wrath
  A shining eye (shapeshifter) (Vaults:5)
  17 elephants
  8 naga magi
  22 vault sentinels
  2 rust devils
  A water nymph (shapeshifter) (Vaults:5)
  Joseph (Lair:1)
  2 smoke demons
  30 black mambas
  8 guardian serpents
  11 cane toads
  An eye of devastation (Slime:5)
  8 large abominations (Depths:4)
  2 orange demons (Depths:4)
  An ice statue (IceCv)
  A kobold demonologist (D:14)
  An elf skeleton (Vaults:1)
  A spectral sea snake (Snake:4)
  A rime drake (Lair:3)
  3 ice devils
  22 yaktaurs
  2 tengu conjurers
  A hellion (Depths:2)
  11 komodo dragons
  A tormentor (Zot:4)
  2 efreet
  3 freezing wraiths
  A red devil (Depths:4)
  4 spectral nagas (Snake:4)
  2 human skeletons (Vaults:1)
  3 guardian mummies (Zot:1)
  12 hornets
  16 polar bears
  2 sea snake skeletons (Snake:4)
  6 trolls
  5 meliai (D:14)
  2 hellwings
  2 tarantellas (shapeshifter)
  5 blink frogs
  9 tyrant leeches
  11 dream sheep
  5 raiju
  A dream sheep (shapeshifter) (Elf:2)
  A centaur simulacrum (D:15)
  A guardian serpent skeleton (Snake:4)
  45 slime creatures
  A jumping spider (shapeshifter) (D:15)
  2 flying skulls (Elf:3)
  A ynoxinul (Depths:4)
  A culicivora (Vaults:1)
  7 wraiths
  41 yaks
  15 spriggans
  6 air elementals
  10 wyverns
  2 nameless horrors
  3 water elementals
  5 fire elementals
  A golden eye (Slime:5)
  A hog (shapeshifter) (D:15)
  2 fire bats (Lair:3)
  4 chaos spawn (Depths:4)
  3 hogs (D:14)
  Grum (D:9)
  12 vampire mosquitoes
  5 basilisks
  A sea snake simulacrum (Snake:4)
  8 redbacks
  A redback simulacrum (D:15)
  A yaktaur simulacrum (Vaults:1)
  11 wargs
  38 nagas
  15 swamp worms
  An acid dragon (D:12)
  20 water moccasins
  An entropy weaver zombie (Vaults:1)
  20 hell hounds
  3 floating eyes
  37 orc warriors
  12 black bears
  A human zombie (Vaults:1)
  2 black bears (shapeshifter)
  8 swamp drakes (Swamp:4)
  6 ogres
  15 centaurs
  51 wolves
  2 kobold brigands (D:9)
  2 scorpions (D:7)
  15 bullfrogs
  A gnoll sergeant (D:11)
  4 small abominations (Depths:4)
  3 wights (D:8)
  An orc simulacrum (Vaults:1)
  6 howler monkeys
  2 crimson imps (Gauntlet)
  A gnoll bouda (D:4)
  5 hounds
  27 orc priests
  Crazy Yiuf (D:3)
  A jelly (D:7)
  6 iguanas
  Natasha (D:2)
  Terence (D:3)
  3 hell rats (Lair:3)
  10 orc wizards
  4 naga skeletons (Snake:4)
  8 gnolls
  6 adders
  4 naga simulacra (Snake:4)
  A shadow imp (D:6)
  4 white imps
  3 dart slugs
  52 orcs
  6 endoplasms
  5 giant cockroaches
  7 goblins
  2 hobgoblins
  2 jackals (D:1)
  7 ball pythons
  3 bats
  5 frilled lizards
  13 kobolds
  4 rats
  7 butterflies
  5 starspawn tentacles (Abyss:3)
1916 creatures vanquished.

Vanquished Creatures (collateral kills)
  Mennas (Vaults:2)
  2 golden dragons (Zot:5)
  An electric golem (Zot:5)
  A tentacled monstrosity (Zot:5)
  An Orb Guardian (Zot:5)
  A titan (Vaults:4)
  A quicksilver dragon (Zot:2)
  A tentacled starspawn (Abyss:3)
  2 storm dragons
  An azure jelly (Slime:5)
  A nagaraja (Snake:4)
  A vault warden (Vaults:4)
  A frost giant (IceCv)
  An iron dragon (Vaults:5)
  A war gargoyle (Vaults:2)
  The ghost of Vomitron the Earth Mage, a journeyman GrEE of Elyvilon (Swamp:1)
  4 ironbound preservers
  A minotaur (Gauntlet)
  3 dire elephants (Vaults:3)
  A purple draconian (Zot:2)
  Snorg (Lair:3)
  A crystal guardian (Vaults:2)
  An ettin (Orc:1)
  An entropy weaver (Vaults:4)
  2 hydras
  A two-headed ogre (D:10)
  An ironbound frostheart (Vaults:3)
  2 centaur warriors (Vaults:2)
  A naga warrior (Snake:4)
  3 dancing weapons (Elf:2)
  11 death yaks
  Urug (Lair:3)
  2 deep elf knights (Elf:1)
  A wretched star (Abyss:3)
  A fire crab (Lair:5)
  A deep troll (Vaults:5)
  A glowing orange brain (Gauntlet)
  A naga ritualist (Snake:2)
  An ironbound convoker (Vaults:4)
  2 deep elf zephyrmancers
  An oklob plant (Lair:1)
  An orc sorcerer (Orc:1)
  A shining eye (shapeshifter) (D:14)
  2 manticores
  4 ugly things
  4 moths of wrath
  A nameless horror (Vaults:4)
  2 elephants (Lair:3)
  A guardian serpent (Lair:5)
  2 black mambas (Lair:5)
  A torpor snail (shapeshifter) (Vaults:5)
  A naga mage (Snake:4)
  An eye of devastation (Gauntlet)
  2 cane toads (Lair:5)
  A kobold demonologist (D:10)
  A rime drake (Lair:5)
  2 yaktaurs (Vaults:2)
  A red devil (Gauntlet)
  A spectral naga (Snake:4)
  A meliai (D:14)
  5 polar bears
  2 blink frogs
  6 dream sheep
  An air elemental (Elf:1)
  A vampire (D:10)
  2 wraiths
  2 hogs (D:14)
  3 wyverns
  17 yaks
  A golden eye (Gauntlet)
  A vampire mosquito (D:11)
  2 basilisks
  A redback (Lair:5)
  A chaos spawn (Abyss:3)
  A small abomination (Abyss:3)
  3 wargs
  A naga (Snake:2)
  5 water moccasins
  A hell hound (Lair:5)
  3 orc warriors
  A sky beast (D:7)
  3 black bears (Lair:5)
  A swamp drake (Lair:2)
  3 centaurs
  3 ogres
  7 wolves
  A kobold brigand (D:7)
  3 gnoll sergeants
  2 bullfrogs (Lair:2)
  A wight (D:8)
  A howler monkey (D:12)
  A crimson imp (Gauntlet)
  11 orc priests
  A gnoll bouda (D:7)
  Natasha (D:2)
  8 orc wizards
  A hell rat (Lair:3)
  Robin (D:3)
  13 gnolls
  A dart slug (D:4)
  34 orcs
  An endoplasm (D:1)
  A giant cockroach (D:3)
  10 goblins
  4 hobgoblins
  9 kobolds
  2 bats
  2 frilled lizards
  3 rats
  A spectral orc (D:7)
  A starspawn tentacle (Abyss:3)
285 creatures vanquished.

Vanquished Creatures (others)
  A storm dragon (Zot:1)
  A deep elf sorcerer (Elf:3)
  A red draconian (Zot:3)
  A deep elf knight (Elf:1)
  2 deep elf zephyrmancers
  A guardian mummy (Zot:1)
  2 humans (D:14)
  8 foxfires
  A lost soul (Elf:3)
  19 starspawn tentacles (Abyss:3)
37 creatures vanquished.

Grand Total: 2238 creatures vanquished

Notes
Turn   | Place    | Note
-------+----------+-------------------------------------------
     0 | D:1      | Shard1697 the Draconian Summoner began the quest for the
                  | Orb.
     0 | D:1      | Reached XP level 1. HP: 14/14 MP: 3/3
   193 | D:1      | Reached XP level 2. HP: 15/20 MP: 3/5
   224 | D:1      | Learned a level 2 spell: Call Imp
   295 | D:1      | Found Jeklih's Weapon Shop.
   778 | D:1      | Reached XP level 3. HP: 26/26 MP: 4/7
   784 | D:1      | Learned a level 3 spell: Call Canine Familiar
   998 | D:2      | Noticed Natasha
  1011 | D:2      | Killed Natasha
  1222 | D:2      | Noticed Natasha
  1233 | D:2      | Killed Natasha
  1234 | D:2      | Reached skill level 5 in Summonings
  1234 | D:2      | Reached XP level 4. HP: 21/33 MP: 6/9
  1732 | D:3      | Noticed Terence
  1742 | D:3      | Killed Terence
  1781 | D:3      | Noticed Robin
  1786 | D:3      | Reached XP level 5. HP: 37/38 MP: 10/10
  1796 | D:3      | Killed Robin
  1897 | D:3      | Found a faded altar of an unknown god.
  1938 | D:3      | Found a runed translucent door.
  1939 | D:3      | Noticed Crazy Yiuf
  1958 | D:3      | Killed Crazy Yiuf
  2341 | D:3      | Learned a level 4 spell: Summon Lightning Spire
  2505 | D:4      | Found a snail-covered altar of Cheibriados.
  2613 | D:4      | Reached skill level 1 in Air Magic
  2665 | D:4      | Noticed an ogre
  2688 | D:4      | Reached XP level 6. HP: 43/45 MP: 9/12
  3332 | D:4      | Noticed an angel
  3333 | D:4      | Found a glowing silver altar of Zin.
  3455 | D:4      | Became a worshipper of Cheibriados the Contemplative
  3505 | D:5      | Entered Level 5 of the Dungeon
  3544 | D:5      | Found a staircase to the Ecumenical Temple.
  3561 | D:5      | Your scales start taking on a pale cyan-grey colour.
  3561 | D:5      | Reached XP level 7. HP: 50/50 MP: 8/13
  3561 | D:5      | Gained mutation: You are immune to the effects of steam.
                  | [Pale Draconian growth]
  3859 | D:5      | Got the Book of the Hapless Chill
  4466 | D:5      | Identified a scroll of acquirement
  4466 | D:5      | Acquired the +1 pair of boots "Jyaskout" {rC+++ Regen+
                  | Str+2 Int-2}
  4725 | D:6      | Found a glowing golden altar of the Shining One.
  4782 | D:6      | Found a broken altar of Ashenzari.
  4927 | D:6      | Reached skill level 5 in Spellcasting
  4929 | D:6      | Reached XP level 8. HP: 57/57 MP: 15/15
  4954 | D:6      | Found a white marble altar of Elyvilon.
  5048 | D:6      | Reached skill level 5 in Air Magic
  5436 | D:7      | Found a stormy altar of Qazlal.
  5569 | D:7      | Found a basalt altar of Yredelemnul.
  5670 | D:7      | Found a bloodstained altar of Trog.
  5716 | D:7      | Reached * piety under Cheibriados
  5962 | D:7      | Found a sacrificial altar of Ru.
  6106 | D:8      | Reached XP level 9. HP: 62/62 MP: 15/18
  6245 | D:8      | Found Coffathrupn's Jewellery Shoppe.
  6464 | D:8      | Reached skill level 1 in Maces & Flails
  6464 | D:8      | Reached skill level 1 in Necromancy
  6466 | D:8      | Reached ** piety under Cheibriados
  6647 | D:8      | Found a burning altar of Makhleb.
  6647 | D:8      | Found an ancient bone altar of Kikubaaqudgha.
  6858 | D:9      | Noticed Grum
  6868 | D:9      | Reached XP level 10. HP: 40/69 MP: 16/20
  6880 | D:9      | Killed Grum
  6958 | D:9      | Reached *** piety under Cheibriados
  7019 | D:9      | Found a staircase to the Lair.
  7078 | D:9      | Found an opulent altar of Gozag.
  7161 | D:9      | Reached skill level 5 in Maces & Flails
  7208 | D:9      | Reached skill level 5 in Dodging
  7208 | D:9      | Reached skill level 5 in Necromancy
  7212 | D:9      | Learned a level 2 spell: Blink
  7640 | D:10     | Entered Level 10 of the Dungeon
  7646 | D:10     | Reached skill level 1 in Fighting
  7678 | D:10     | Reached skill level 1 in Translocations
  7794 | D:10     | Noticed a two-headed ogre
  7803 | D:10     | Killed a two-headed ogre
  7804 | D:10     | Reached skill level 1 in Invocations
  7956 | D:10     | Reached **** piety under Cheibriados
  8016 | D:10     | Noticed a two-headed ogre
  8021 | D:10     | Killed a two-headed ogre
  8022 | D:10     | Reached skill level 1 in Shields
  8049 | D:10     | Noticed Erolcha
  8300 | D:10     | Found a hide-covered altar of Uskayaw.
  8437 | D:10     | Reached XP level 11. HP: 82/82 MP: 17/21
  8543 | D:10     | Killed Erolcha
  8748 | D:11     | Reached ***** piety under Cheibriados
  9037 | D:11     | Identified the +0 long sword "Locath" {freeze, rF+}
  9405 | Lair:1   | Entered Level 1 of the Lair of Beasts
  9510 | Lair:1   | Reached skill level 5 in Fighting
  9826 | Lair:1   | Noticed Joseph
  9840 | Lair:1   | Killed Joseph
  9988 | Lair:1   | Noticed an oklob plant
 10009 | Lair:1   | Killed an oklob plant
 10345 | Lair:2   | Reached skill level 5 in Invocations
 10359 | Lair:2   | Found a gate leading to a gauntlet.
 10368 | Gauntlet | Entered a Gauntlet
 10368 | Gauntlet | Noticed a catoblepas
 10368 | Gauntlet | Found a transporter.
 10368 | Gauntlet | Found a transporter.
 10370 | Gauntlet | Found a transporter.
 10383 | Gauntlet | Found a transporter.
 10395 | Gauntlet | Found a transporter.
 10473 | Gauntlet | Found a transporter.
 10473 | Gauntlet | Found a transporter.
 10476 | Gauntlet | Found a transporter.
 10476 | Gauntlet | Found a transporter.
 10562 | Gauntlet | Got the Papyrus of Conduction
 10570 | Gauntlet | Learned a level 4 spell: Airstrike
 10593 | Gauntlet | Found a transporter.
 10598 | Gauntlet | Reached skill level 1 in Polearms
 10644 | Gauntlet | Noticed a ghost crab
 10647 | Gauntlet | Noticed a green death
 10667 | Gauntlet | Noticed a glowing orange brain
 10668 | Gauntlet | Noticed a white ugly thing
 10670 | Gauntlet | Found a transporter.
 10678 | Gauntlet | Found a transporter.
 10678 | Gauntlet | Found a transporter.
 10687 | Gauntlet | Killed a white ugly thing
 10688 | Gauntlet | Reached XP level 12. HP: 89/95 MP: 19/22
 10695 | Gauntlet | Reached skill level 5 in Shields
 10716 | Gauntlet | Identified the ring "Hieriwk" {Str+6 Slay+3}
 10724 | Gauntlet | Noticed a minotaur
 10737 | Gauntlet | Killed a minotaur
 10750 | Gauntlet | Identified the ring "Wuhece" {rC+ Str+6 Dex+6}
 10765 | Gauntlet | Got Bixtiwky's Teachings on the Tektite
 10870 | Lair:2   | Noticed an eight-headed hydra
 10878 | Lair:2   | Reached ****** piety under Cheibriados
 10878 | Lair:2   | Killed an eight-headed hydra
 10936 | Lair:2   | Noticed a seven-headed hydra
 10939 | Lair:2   | Reached skill level 5 in Polearms
 10942 | Lair:2   | Killed a seven-headed hydra
 11204 | Lair:2   | Found a staircase to the Swamp.
 11457 | Lair:3   | You fall into a shaft and drop 2 floors!
 11457 | Lair:5   | Entered Level 5 of the Lair of Beasts
 11517 | Lair:5   | Learned a level 4 spell: Summon Ice Beast
 11578 | Lair:5   | Reached XP level 13. HP: 103/103 MP: 14/23
 12309 | Lair:4   | Found a frozen archway.
 12324 | IceCv    | Entered an ice cave
 12397 | IceCv    | Reached XP level 14. HP: 119/119 MP: 17/24
 12505 | IceCv    | Reached skill level 10 in Polearms
 12555 | IceCv    | Reached skill level 10 in Fighting
 12664 | IceCv    | Reached skill level 10 in Dodging
 12804 | IceCv    | Noticed a frost giant
 12814 | IceCv    | Killed a frost giant
 12833 | IceCv    | Found the ring of the Hare {EV+10}
 12854 | IceCv    | Got the Compilation of Classification
 13020 | Lair:3   | Found a transporter.
 13183 | Lair:3   | Noticed Urug
 13191 | Lair:3   | Killed Urug
 13206 | Lair:3   | Found a transporter.
 13236 | Lair:3   | Identified the scarf of Infinity {rC+ rF+, rElec Int+3
                  | Dex-4}
 13506 | Lair:3   | Reached skill level 1 in Ice Magic
 13523 | Lair:3   | Reached skill level 2 in Ice Magic
 13730 | Lair:3   | Noticed Snorg
 13735 | Lair:3   | Killed Snorg
 13741 | Lair:3   | Reached skill level 3 in Ice Magic
 13749 | Lair:3   | Found a staircase to the Snake Pit.
 14229 | Lair:4   | Reached skill level 4 in Ice Magic
 14377 | Lair:5   | Reached skill level 5 in Ice Magic
 14497 | Lair:5   | Reached XP level 15. HP: 75/126 MP: 13/25
 14647 | Lair:5   | Reached skill level 6 in Ice Magic
 14792 | Lair:5   | Found a viscous altar of Jiyva.
 14793 | Lair:5   | Found a staircase to the Slime Pits.
 15177 | Lair:5   | Identified the +3 robe of the Thirsty Dreams {rN+ Regen+
                  | Dex+2 Slay+2}
 15507 | D:12     | Reached skill level 7 in Ice Magic
 15603 | D:12     | Found a staircase to the Orcish Mines.
 16015 | D:12     | Learned a level 7 spell: Ozocubu's Refrigeration
 16832 | D:13     | Reached skill level 8 in Ice Magic
 17212 | D:13     | Identified the +7 morningstar of Crusades {antimagic, SInv}
 17483 | D:14     | Reached skill level 9 in Ice Magic
 17761 | D:14     | Noticed Kirke
 17822 | D:14     | Noticed a sphinx
 17826 | D:14     | Killed Kirke
 17865 | D:14     | Found an opulent altar of Gozag.
 17954 | D:14     | Found a runed translucent door.
 17956 | D:14     | Noticed a fire giant
 17970 | D:14     | Killed a fire giant
 18011 | D:14     | Reached skill level 10 in Ice Magic
 18232 | D:14     | Learned a level 5 spell: Freezing Cloud
 18240 | D:14     | Found a gate to the Vaults.
 18588 | D:15     | Entered Level 15 of the Dungeon
 18664 | D:15     | Reached skill level 11 in Ice Magic
 18678 | D:15     | Reached XP level 16. HP: 118/134 MP: 23/26
 18719 | D:15     | Found Kufruni's Magic Scroll Emporium.
 18732 | D:15     | Bought a scroll of blinking for 120 gold pieces
 18732 | D:15     | Bought a scroll of teleportation for 48 gold pieces
 18732 | D:15     | Bought a scroll of teleportation for 48 gold pieces
 18732 | D:15     | Bought a scroll of revelation for 120 gold pieces
 18778 | D:15     | Paralysed by a great orb of eyes for 2 turns
 18919 | D:15     | Found Basiuqe's General Store.
 18928 | D:15     | Bought the +2 pair of slick slippers {slick, slippery,
                  | EV+4} for 536 gold pieces
 18928 | D:15     | Found the +2 pair of slick slippers {slick, slippery, EV+4}
 18950 | D:15     | Reached skill level 12 in Ice Magic
 19197 | D:15     | Found Zopu's Armour Emporium.
 19257 | D:15     | Identified the ring of Dim Light {rF++ Will+ MP-9 AC+4
                  | Dex+2}
 19277 | D:15     | Found a transporter.
 19323 | D:15     | Identified the amulet of Kyungus {Regen+ Dex+3}
 19345 | D:15     | Reached skill level 13 in Ice Magic
 19358 | D:15     | Identified the ring of Daffodils {rElec Str+6}
 19384 | D:15     | Found a transporter.
 19400 | D:15     | Found a staircase to the Depths.
 19422 | D:15     | Noticed a tengu reaver
 19430 | D:15     | Killed a tengu reaver
 19508 | D:15     | Identified the ring of Ugruq {rCorr Dex+3 Slay+3 SInv}
 19589 | D:15     | Noticed a tengu reaver
 19605 | D:15     | Killed a tengu reaver
 19792 | Orc:1    | Entered Level 1 of the Orcish Mines
 20248 | Orc:2    | Entered Level 2 of the Orcish Mines
 20421 | Orc:2    | Reached skill level 14 in Ice Magic
 20873 | Orc:2    | Found Cialo's Assorted Antiques.
 20873 | Orc:2    | Found Miru's Book Boutique.
 20874 | Orc:2    | Found Noicuuh's Assorted Antiques.
 20874 | Orc:2    | Found Doad's Antique Weapon Boutique.
 20882 | Orc:2    | Bought a scroll of teleportation for 87 gold pieces
 20885 | Orc:2    | Bought a book of Beasts for 532 gold pieces
 20885 | Orc:2    | Bought a manual of Summonings for 1120 gold pieces
 20889 | Orc:2    | Bought a scroll of amnesia for 148 gold pieces
 20898 | Orc:2    | Learned a level 7 spell: Monstrous Menagerie
 20971 | Orc:2    | Found a staircase to the Elven Halls.
 21026 | Orc:2    | Found Hefrey's Distillery.
 21373 | Swamp:1  | Entered Level 1 of the Swamp
 21945 | Swamp:1  | Noticed Josephine
 21961 | Swamp:1  | Killed Josephine
 21962 | Swamp:1  | Reached skill level 10 in Summonings
 21962 | Swamp:1  | Reached XP level 17. HP: 136/138 MP: 29/29
 22009 | Swamp:1  | Found a runed translucent gate.
 22009 | Swamp:1  | Found a runed translucent gate.
 22009 | Swamp:1  | Found a runed translucent gate.
 22011 | Swamp:1  | Noticed Vomitron's ghost (journeyman GrEE)
 22027 | Swamp:1  | Killed Vomitron's ghost
 23251 | Swamp:3  | Reached skill level 15 in Ice Magic
 23711 | Swamp:4  | Entered Level 4 of the Swamp
 23949 | Swamp:4  | Noticed the 27-headed Lernaean hydra
 23968 | Swamp:4  | Killed the 27-headed Lernaean hydra
 24080 | Swamp:4  | Reached skill level 16 in Ice Magic
 24356 | Swamp:4  | Got a decaying rune of Zot
 24640 | Snake:1  | Entered Level 1 of the Snake Pit
 24702 | Snake:1  | Reached XP level 18. HP: 147/147 MP: 30/30
 24838 | Snake:1  | You fall into a shaft and drop 1 floor!
 25996 | Snake:1  | Found Zaesoim's Antique Armour Shop.
 26549 | Snake:3  | Found Irops's Magic Scroll Boutique.
 26553 | Snake:3  | Found Ilusk's Antique Weapon Boutique.
 26553 | Snake:3  | Found Juntuv's Jewellery Boutique.
 26556 | Snake:3  | Found Nico's Book Boutique.
 27240 | Snake:3  | Reached skill level 5 in Stealth
 27306 | Snake:4  | Entered Level 4 of the Snake Pit
 28041 | Snake:4  | Noticed Vashnia
 28226 | Snake:4  | Reached skill level 10 in Invocations
 28246 | Snake:4  | Reached skill level 17 in Ice Magic
 28409 | Snake:4  | Killed Vashnia
 28537 | Snake:4  | Reached XP level 19. HP: 154/154 MP: 2/31
 28674 | Snake:4  | Got a serpentine rune of Zot
 29143 | Vaults:1 | Entered Level 1 of the Vaults
 29243 | Vaults:1 | Reached skill level 10 in Shields
 30228 | Vaults:1 | Reached skill level 18 in Ice Magic
 30672 | Vaults:2 | Found Tulutik's Weapon Shoppe.
 30673 | Vaults:2 | Found Hoodus's Book Shoppe.
 30674 | Vaults:2 | Noticed Boris
 30697 | Vaults:2 | Killed Boris
 30946 | Vaults:2 | Noticed Mennas
 30982 | Vaults:2 | Killed Mennas
 31032 | Vaults:2 | Found Zaupsash's Armour Shoppe.
 31186 | Vaults:2 | Noticed Bai Suzhen
 31221 | Vaults:2 | Killed Bai Suzhen
 31380 | Vaults:2 | Found Mihixt's Antique Weapon Shoppe.
 31590 | Vaults:2 | Reached XP level 20. HP: 161/161 MP: 14/33
 32038 | Vaults:2 | Found Raov's Magic Scroll Shoppe.
 32551 | Vaults:3 | Learned a level 9 spell: Polar Vortex
 32678 | Vaults:3 | Found a staircase to the Crypt.
 32699 | Vaults:3 | Reached skill level 19 in Ice Magic
 33963 | Vaults:4 | Found a flickering gateway to a bazaar.
 33976 | Bazaar   | Entered a bazaar
 33976 | Bazaar   | Found Fetwuseu's Jewellery Shoppe.
 33976 | Bazaar   | Found Xuguol's General Store.
 33976 | Bazaar   | Found Dompas's General Store.
 33985 | Bazaar   | Found Xoythro's Antique Weapon Shoppe.
 34438 | Vaults:4 | Noticed a golden dragon
 34440 | Vaults:4 | Reached skill level 20 in Ice Magic
 34508 | Vaults:4 | Killed a golden dragon
 35443 | Elf:1    | Entered Level 1 of the Elven Halls
 35452 | Elf:1    | Found Lunleg's Magic Scroll Boutique.
 35519 | Elf:1    | Bought a scroll of enchant weapon for 142 gold pieces
 35519 | Elf:1    | Bought a scroll of enchant armour for 142 gold pieces
 35532 | Elf:1    | Found Xoptasib's Antique Weapon Boutique.
 35682 | Elf:1    | Reached skill level 15 in Shields
 35729 | Elf:1    | Reached skill level 10 in Spellcasting
 35737 | Elf:1    | Reached XP level 21. HP: 168/168 MP: 28/35
 35833 | Elf:1    | Got the Tome of Conjury
 36003 | Elf:1    | Found Gaseem's Armour Shoppe.
 36256 | Elf:1    | Found Jeunysir's General Store.
 36267 | Elf:1    | Got Easy Witchery
 36388 | Elf:2    | Paralysed by an air elemental for 1 turns
 36537 | Elf:2    | Reached skill level 21 in Ice Magic
 36662 | Elf:2    | Paralysed by an air elemental for 1 turns
 36786 | Elf:2    | Found a runed translucent gate.
 36786 | Elf:2    | Found a runed translucent gate.
 36786 | Elf:2    | Found a runed translucent gate.
 37147 | Elf:2    | Noticed Asterion
 37162 | Elf:2    | Killed Asterion
 37700 | Elf:3    | Entered Level 3 of the Elven Halls
 37845 | Elf:3    | Reached skill level 22 in Ice Magic
 38806 | Elf:3    | Identified the +8 battleaxe of Vuomek {flame, rF++ Dex+6
                  | Stlth+}
 38842 | Elf:3    | Paralysed by an air elemental for 1 turns
 38946 | Elf:3    | Reached skill level 23 in Ice Magic
 39028 | Abyss:3  | Cast into level 3 of the Abyss (a deep elf sorcerer)
 39031 | Abyss:3  | Found a corrupted altar of Lugonu.
 39101 | Abyss:3  | Reached XP level 22. HP: 102/121 MP: 7/37
 39192 | Abyss:3  | Found a corrupted altar of Lugonu.
 39196 | Abyss:3  | Found a corrupted altar of Lugonu.
 39205 | Abyss:3  | Got an abyssal rune of Zot
 39211 | Abyss:4  | Found a corrupted altar of Lugonu.
 39220 | Elf:3    | Escaped the Abyss
 39601 | Elf:3    | Identified the +10 trident of Boith {heavy, rN++}
 39645 | Elf:3    | Identified the +2 mace of Cheibriados's Approval {holy,
                  | rPois rC+ rCorr}
 39646 | Elf:3    | Identified the ring of the Clam {Fly rC+ MP+9 Dex+3}
 39649 | Elf:3    | Identified the amulet of Xom's Passing Interest {Will-
                  | Regen+ Str+8 Dex+4}
 39728 | Elf:3    | Identified the staff "Iddibruopo" {rC+ Int+3 Stlth+ Ice}
 39743 | Elf:3    | Identified the staff "Uxzun" {rElec rF+ rN+ Str-2 Int+3
                  | Fire}
 40155 | Vaults:5 | Entered Level 5 of the Vaults
 40444 | Vaults:5 | Noticed a golden dragon
 40454 | Vaults:5 | Reached skill level 24 in Ice Magic
 40458 | Vaults:5 | Killed a golden dragon
 40675 | Vaults:5 | Identified the +1 leather armour of Vaek {rC+ Str+5 Int-2}
 40708 | Vaults:5 | Identified the +7 orcbow "Worm's Wrath" {flame, rPois
                  | Str+3}
 41504 | Vaults:5 | Got a silver rune of Zot
 41576 | Vaults:5 | Acquired the +0 hat "Zaal" {Int+2 Slay+2}
 41597 | Vaults:5 | Identified the ring of Dishonour {MP+9 Stlth+}
 41605 | Vaults:5 | Identified the ring "Mackasme" {Will+ Dex+6}
 41626 | Vaults:5 | Identified the +1 lajatang of the Eternal Warrior {drain,
                  | *Corrode Str+7 Dex+3}
 41969 | Depths:1 | Entered Level 1 of the Depths
 41998 | Depths:1 | Found a one-way gate to the infinite horrors of the Abyss.
 42288 | Slime:1  | Entered Level 1 of the Pits of Slime
 42562 | Slime:5  | Entered Level 5 of the Pits of Slime
 42595 | Slime:5  | Reached XP level 23. HP: 145/181 MP: 12/41
 42712 | Slime:5  | Noticed Dissolution
 42728 | Slime:5  | Killed Dissolution
 43082 | Slime:5  | Paralysed by a great orb of eyes for 2 turns
 43120 | Slime:5  | Found a viscous altar of Jiyva.
 43122 | Slime:5  | Found the +12 glaive of Prune {freeze, Prune}
 43200 | Slime:5  | Noticed the Royal Jelly
 43210 | Slime:5  | Killed the Royal Jelly
 43211 | Slime:5  | Reached skill level 25 in Ice Magic
 43269 | Slime:5  | Identified the ring of Todiwnie {Will+ rCorr Int+3 Slay+2}
 43300 | Slime:5  | Got Koimm's Verses on Violence
 43307 | Slime:5  | Got a slimy rune of Zot
 43314 | Slime:5  | Got Lom Lobon's Precepts of Topology
 43342 | Slime:5  | Identified the +6 scale mail of the Poles {rF+}
 43364 | Slime:5  | Identified the +1 hand axe of Spite {heavy, rPois Int+2}
 43367 | Slime:5  | Identified the +1 morningstar "Gedghoroot" {vamp, Str+5}
 43761 | Depths:1 | Found an iron altar of Okawaru.
 43865 | Depths:2 | Found Dubab's Armour Boutique.
 43865 | Depths:2 | Found Gyungomo's Jewellery Shop.
 43866 | Depths:2 | Found Woic's Armour Shop.
 43868 | Depths:2 | Found Qaposad's Armour Boutique.
 43873 | Depths:2 | Bought the amulet "Ivvi" {Faith Dex+7} for 1048 gold pieces
 44121 | Depths:2 | Found a one-way gateway to a ziggurat.
 44265 | Depths:2 | Found a gateway to Hell.
 44617 | Depths:3 | Found a white marble altar of Elyvilon.
 44812 | Depths:4 | Entered Level 4 of the Depths
 45037 | Depths:4 | Noticed a juggernaut
 45046 | Depths:4 | Killed a juggernaut
 45099 | Depths:4 | Found a gate to the Realm of Zot.
 45650 | Depths:4 | Noticed Sojobo
 45671 | Depths:4 | Killed Sojobo
 45852 | Depths:4 | Found a one-way gate leading to the halls of Pandemonium.
 46122 | Zot:1    | Entered Level 1 of the Realm of Zot
 46123 | Zot:1    | Noticed a Killer Klown
 46123 | Zot:1    | Identified the +6 chain mail of Juah {Harm rC+ Int+4 Dex-5}
 46123 | Zot:1    | Noticed a Killer Klown
 46123 | Zot:1    | Noticed a curse toe
 46139 | Zot:1    | Killed a curse toe
 46164 | Zot:1    | Found a large runed translucent door.
 46164 | Zot:1    | Noticed a Killer Klown
 46169 | Zot:1    | Noticed a Killer Klown
 46173 | Zot:1    | Killed a Killer Klown
 46173 | Zot:1    | Killed a Killer Klown
 46174 | Zot:1    | Killed a Killer Klown
 46192 | Zot:1    | Killed a Killer Klown
 46193 | Zot:1    | Reached XP level 24. HP: 121/198 MP: 27/41
 46250 | Zot:1    | Identified the +6 arbalest "Lianytog" {heavy, +Blink Str+3}
 46254 | Zot:1    | Found a large runed translucent door.
 46255 | Zot:1    | Found a large runed translucent door.
 46255 | Zot:1    | Found a shimmering altar of Xom.
 46255 | Zot:1    | Found a large runed translucent door.
 46256 | Zot:1    | Found a large runed translucent door.
 46256 | Zot:1    | Found a large runed translucent door.
 46257 | Zot:1    | Found a large runed translucent door.
 46257 | Zot:1    | Found a large runed translucent door.
 46257 | Zot:1    | Noticed a Killer Klown
 46266 | Zot:1    | Killed a Killer Klown
 46494 | Zot:1    | Identified the +1 battleaxe of the Mosquito {chaos, Will+
                  | Str+4}
 46542 | Zot:1    | Noticed a Killer Klown
 46550 | Zot:1    | Noticed a Killer Klown
 46565 | Zot:1    | Killed a Killer Klown
 46584 | Zot:1    | Killed a Killer Klown
 46585 | Zot:1    | Reached skill level 15 in Polearms
 47583 | Zot:3    | Reached skill level 15 in Dodging
 48071 | Zot:4    | Identified the +11 broad axe of Compound Interest {heavy,
                  | Fragile rElec Dex+3}
 48084 | Zot:5    | Entered Level 5 of the Realm of Zot
 48523 | Zot:5    | Reached skill level 15 in Fighting
 48792 | Zot:5    | Noticed a dread lich
 48799 | Zot:5    | Paralysed by a dread lich for 2 turns
 48804 | Zot:5    | Killed a dread lich
 48894 | Zot:5    | Noticed a dread lich
 48907 | Zot:5    | Killed a dread lich
 48908 | Zot:5    | Noticed a Killer Klown
 48927 | Zot:5    | Killed a Killer Klown
 49023 | Zot:5    | Noticed an orb of fire
 49024 | Zot:5    | Gained mutation: You have hidden genetic defects. [an orb
                  | of fire]
 49028 | Zot:5    | Noticed a Killer Klown
 49031 | Zot:5    | Gained mutation: You are dopey. (Int -2) [an orb of fire]
 49032 | Zot:5    | Killed an orb of fire
 49040 | Zot:5    | Killed a Killer Klown
 49041 | Zot:5    | Reached XP level 25. HP: 176/216 MP: 14/41
 49200 | Zot:5    | Noticed a Killer Klown
 49212 | Zot:5    | Killed a Killer Klown
 49314 | Zot:5    | Noticed an orb of fire
 49328 | Zot:5    | Killed an orb of fire
 49394 | Zot:5    | Gained mutation: You are very dopey. (Int -4) [hidden
                  | defects]
 49570 | Zot:5    | Noticed an orb of fire
 49572 | Zot:5    | Noticed a Killer Klown
 49573 | Zot:5    | Gained mutation: You occasionally shout uncontrollably at
                  | your foes. [an orb of fire]
 49575 | Zot:5    | Gained mutation: Your magical capacity is low. (-10% MP)
                  | [an orb of fire]
 49577 | Zot:5    | Gained mutation: You occasionally lose the ability to drink
                  | potions when taking damage. [an orb of fire]
 49578 | Zot:5    | Killed an orb of fire
 49579 | Zot:5    | Killed a Killer Klown
 49579 | Zot:5    | Noticed an ancient lich
 49581 | Zot:5    | Noticed a dread lich
 49581 | Zot:5    | Noticed a dread lich
 49587 | Zot:5    | Killed an ancient lich
 49589 | Zot:5    | Noticed an ancient lich
 49590 | Zot:5    | Killed a dread lich
 49591 | Zot:5    | Paralysed by something for 3 turns
 49606 | Zot:5    | Gained mutation: You are weak. (Str -2) [hidden defects]
 49606 | Zot:5    | Lost mutation: You have hidden genetic defects. [hidden
                  | defects expressed]
 49607 | Zot:5    | Lost mutation: Your magical capacity is low. (-10% MP)
                  | [potion of mutation]
 49607 | Zot:5    | Lost mutation: You occasionally lose the ability to drink
                  | potions when taking damage. [potion of mutation]
 49607 | Zot:5    | Gained mutation: Your spells are a little easier to cast,
                  | but a little less powerful. [potion of mutation]
 49607 | Zot:5    | Gained mutation: You have a pair of small horns on your
                  | head. [potion of mutation]
 49607 | Zot:5    | Gained mutation: You are somewhat resistant to further
                  | mutation. [potion of mutation]
 49720 | Zot:5    | Got the Orb of Zot
 49743 | Zot:5    | Noticed an orb of fire
 49749 | Zot:5    | Gained mutation: Your body sometimes deteriorates upon
                  | taking damage. [an orb of fire]
 49756 | Zot:5    | Gained mutation: Your body often deteriorates upon taking
                  | damage. [an orb of fire]
 49758 | Zot:5    | Killed an orb of fire
 49861 | Zot:2    | Noticed a seraph
 49867 | Zot:2    | Killed a seraph
 49955 | Depths:3 | Noticed Ysali the pandemonium lord
 49963 | Depths:3 | Killed Ysali the pandemonium lord
 50231 | D:12     | Lost mutation: Your spells are a little easier to cast, but
                  | a little less powerful. [potion of mutation]
 50231 | D:12     | Lost mutation: You are weak. (Str -2) [potion of mutation]
 50231 | D:12     | Gained mutation: You are partially covered in large bone
                  | plates. (SH +4) [potion of mutation]
 50545 | D:$      | Escaped with the Orb!

Illustrated notes

Levels and vault maps discovered:
D:1:      dpeg_arrival_pits, layout_loops_ring, serial_shops,
          nicolae_shop_waterfront
D:2:      layout_loops_cross, minmay_misc_feat_encased, fountainhead,
          kennysheep_nub, minmay_misc_feat_pillars, uniq_natasha
D:3:      layout_basic, chequers_ecumenical_altar_simple_redux, uniq_terence,
          uniq_robin, uniq_crazy_yiuf_cottage
D:4:      layout_gridville, zin_angel, mainiacjoe_overflow_24_doors
D:5:      layout_basic, minmay_temple_entry_wispy, serial_corexii_hall,
          corexii_hall_statues_deadend, corexii_hall_statues_l
D:6:      layout_loops_corners, ashenzari_altar_1,
          nicolae_tso_swordbearing_angel, lemuel_doored_altar
D:7:      layout_rooms, trog_butcher_becter,
          mainiacjoe_overflow_small_starburst,
          yredelemnul_forgotten_temple_becter, nicolae_ru_the_path_less_chosen
D:8:      layout_gridville, amethyst_overflow_temple_binary, serial_shops,
          nicolae_shop_hallway_stairs, minivault_24, minmay_liquid_box,
          minmay_checkerbox
D:9:      layout_irregular_city, mainiacjoe_overflow_boulevard,
          erik_lair_orcish_takeover, uniq_grum
D:10:     layout_loops_ring, eat_drink_and_be_merry_uskayaw,
          nicolae_concentric_dashed_squares_wild, grunt_decor_one_mirror,
          abandoned_shop, columned_hall_lemuel, serial_bayou_pond_e,
          uniq_erolcha
D:11:     layout_small_grid, hangedman_decor_riveting
D:12:     layout_basic, david_orc_5
D:13:     layout_basic, lemuel_flamethrower_hall
D:14:     layout_long_grid, david_vaults_5, grunt_gozag_statues, minivault_13,
          uniq_kirke
D:15:     hangedman_spin_cycle
Lair:1:   layout_layer_cave, minivault_19, uniq_joseph
Lair:2:   layout_loops_ring, minmay_swamp_entry_reptiles,
          gauntlet_entry_generic, lemuel_fruit_fields
Lair:3:   gammafunk_cloud_chamber, layout_cellular_growth,
          nicolae_snake_entry_squirm, infiniplex_staircase_pool_2, uniq_urug,
          uniq_snorg
Lair:4:   layout_long_grid, portal_ice_cave_demonic_guard,
          chequers_serial_rivers_micro_c, forest_entry_grove
Lair:5:   hangedman_lair_caniforms_friends, layout_long_grid,
          hangedman_lair_tendril_chambers, slime_entry_1
Swamp:1:  layout_falls_marsh, ebering_ghost_rock_garden,
          evilmike_swamp_ruin_house_4, swamp_pool2, hangedman_swamp_pad,
          nicolae_swamp_dense_foliage, uniq_josephine
Swamp:2:  layout_falls_marsh, nicolae_swamp_little_swirl, swamp_pool1,
          nicolae_swamp_no_escape
Swamp:3:  layout_basic_swamp, nicolae_swamp_long_stream, swamp_pool3,
          nicolae_swamp_alligator_family
Swamp:4:  grunt_swamp_rune_castle, layout_basic_swamp
Snake:1:  layout_misc_corridors, serial_shops,
          nicolae_shop_competitors_out_of_business, serial_bayou_shore_b
Snake:2:  layout_rooms, nrook_guardian_serpent_double
Snake:3:  layout_rooms, minmay_shop_grid_forest, grunt_ministairs_9
Snake:4:  grunt_snake_rune_serpentine_throne, layout_cave_town,
          nicolae_snake_the_dead_are_slithering
Slime:1:  cheibrodos_slime_lost_civilization_10, layout_caves
Slime:2:  cheibrodos_slime_lost_civilization_9, layout_caves
Slime:3:  layout_caves
Slime:4:  layout_caves
Slime:5:  slime_pit_nicolae_royal_road_to_ruin, uniq_dissolution
Orc:1:    layout_caves
Orc:2:    st_orc_pillars, layout_diamond_mine, serial_shops,
          nicolae_lakefront_shop
Elf:1:    layout_geoelf_diagonals, serial_shops, nicolae_shop_advertising_works
          [nicolae_subvault_shop_adworks], shop, nicolae_shop_trees, shop,
          minmay_elf_annihilation
Elf:2:    elven_hall_of_blades_hangedman_original [mumra_blade_entry_dagger],
          layout_geoelf_octagon, uniq_asterion
Elf:3:    minmay_elf_hall_statues, layout_loops_cross,
          nicolae_elf_deep_mausoleum
Vaults:1: v_rooms_2, hangedman_vaults_variations, grunt_vaults_twisty,
          nicolae_vaults_shipping_containers_5, vaults_room_hallway,
          nicolae_vaults_trapezoid_4, vaults_room_grid,
          nicolae_vaults_trapezoid_1, vaults_room_pool, vaults_room_door_ring,
          nicolae_vaults_little_ls, vaults_room_boxed,
          nicolae_vaults_little_squares_6, vaults_room_grunt_arrival_ludios,
          layout_vaults_omnibox
Vaults:2: vaults_dpeg_emergency_exit, nicolae_vaults_little_squares_3, v_misc_3,
          v_misc_2, v_alt_pattern_6, nicolae_vaults_cornered_office,
          nicolae_vaults_wrenched, nicolae_vaults_tetromino_Z_2, v_misc_10,
          ontoclasm_vaults_ligature, v_misc_22, layout_vaults_omnigrid,
          serial_shops, shop, nicolae_shop_dealshenge,
          nicolae_book_shop_shelving, nicolae_shop_bloodbath_and_beyond,
          nicolae_shop_stone, uniq_boris, uniq_mennas, uniq_bai_suzhen
Vaults:3: vaults_dpeg_cross, ontoclasm_vaults_shuriken, v_misc_15,
          nicolae_vaults_triangles, vaults_mumra_minichess, v_misc_17,
          nicolae_vaults_sealed_display, nicolae_vaults_house_3, v_misc_1,
          hangedman_vaults_restitches, vaults_room_semicircle,
          dpeg_vaults_monster_box, layout_vaults_omnicross,
          minmay_crypt_entry_simple_corners
Vaults:4: ontoclasm_vaults_eye, hangedman_vaults_stream, kb_rosetta,
          nicolae_vaults_two_Ls, ontoclasm_vaults_chip,
          nicolae_vaults_network_square, nicolae_vaults_six-pack,
          hangedman_vaults_cutoff, nicolae_vaults_oval_intersection,
          vaults_dpeg_ring, ontoclasm_vaults_twist, nicolae_vaults_house_1,
          layout_vaults_maze_bifur, serial_shops, bzr_entry_lakeside
Vaults:5: serial_shops
Depths:1: layout_cross, okawaru_gym_becter, pf_vacation_house_of_asmodeus,
          abyss_entry_glasseish, lemuel_blue_sif_altar, minmay_shop_grove
Depths:2: minmay_outward_triangles, layout_twisted_cross, enter_ziggurat_a,
          rand_demon_pan_entry_3, pf_hell_entry_tar_river, serial_shops,
          shop_statue, infiniplex_staircase_9_rooms, minmay_shoptagon,
          firewood_loft
Depths:3: minmay_nine_rooms, layout_gridlike, nicolae_elyvilon_peaceful_grove,
          abyss_entry, hell_entry, minmay_staircase_windowed_small
Depths:4: grunt_twist_and_shout, layout_gridlike, minmay_room_of_horrors,
          grunt_pan_entry_sceptre, grunt_hell_entry_dis_grunt, uniq_sojobo
Zot:1:    layout_twisted_circle, hangedman_xom_zot_hilarity
Zot:2:    evilmike_crystal_ball_defense, layout_concentric_octagons,
          grunt_megastairs_5
Zot:3:    layout_basic, gammafunk_ghost_ooze, uniq_parghit
Zot:4:    layout_gridlike
Zot:5:    layout_misc_corridors

Skill      XL: |  1  2  3  4  5  6  7  8  9 10 11 12 13 14 15 16 17 18 19 20 21 22 23 24 25 |
---------------+----------------------------------------------------------------------------+-----
Spellcasting   | 3 4 5 6 8 9 10 11 14 | 14.7
Summonings     | 5 6 7 10 13 14 | 14.8
Air Magic      | 1 3 4 7 8 |  8.8
Dodging        | 4 6 7 9 11 12 14 16 17 | 17.6
Maces & Flails | 4 6 7 |  7.6
Necromancy     | 4 5 |  5.0
Fighting       | 3 5 6 9 10 12 15 17 | 17.8
Translocations | 1 |  1.2
Invocations    | 3 5 7 8 9 10 | 10.4
Shields        | 1 4 6 9 12 15 | 15.0
Polearms       | 1 7 9 12 13 14 16 | 16.9
Ice Magic      | 5 11 14 16 17 18 20 23 24 25 | 25.0
Stealth        | 2 5 |  5.5

Action                     |  1- 3 |  4- 6 |  7- 9 | 10-12 | 13-15 | 16-18 | 19-21 | 22-24 | 25-27 || total
---------------------------+-------+-------+-------+-------+-------+-------+-------+-------+-------++-------
  Melee: Whip              |    39 |       |       |       |       |       |       |       |       ||    39
         Unarmed           |     8 |       |       |       |    11 |       |       |       |       ||    19
         Tailslap          |    11 |    12 |    16 |    47 |   172 |   254 |   341 |   349 |    67 ||  1269
         Dagger            |    40 |    52 |       |       |       |       |       |       |       ||    92
         Punch             |     1 |       |       |       |       |       |       |       |       ||     1
         Quarterstaff      |       |    45 |       |       |       |       |       |       |       ||    45
         Flail             |       |       |   142 |   168 |       |       |       |       |       ||   310
         Demon trident     |       |       |       |   144 |   971 |  1513 |  1585 |  1366 |   181 ||  5760
         Trishula          |       |       |       |       |       |       |   117 |   129 |    99 ||   345
         Headbutt          |       |       |       |       |       |       |       |       |    39 ||    39
   Cast: Summon Small Mamm |    14 |       |       |       |       |       |       |       |       ||    14
         Call Imp          |     8 |     8 |     3 |       |       |       |       |       |       ||    19
         Call Canine Famil |       |    12 |     8 |     1 |     1 |       |       |       |       ||    22
         Summon Lightning  |       |       |     7 |    53 |    51 |     9 |       |       |       ||   120
         Airstrike         |       |       |       |     4 |       |     1 |    45 |    10 |     4 ||    64
         Summon Ice Beast  |       |       |       |       |    11 |     1 |       |       |       ||    12
         Freezing Cloud    |       |       |       |       |     3 |    65 |    48 |    27 |       ||   143
         Ozocubu's Refrige |       |       |       |       |       |     3 |       |       |       ||     3
         Monstrous Menager |       |       |       |       |       |    11 |    32 |    35 |     7 ||    85
         Polar Vortex      |       |       |       |       |       |       |     3 |    26 |     7 ||    36
         Blink             |       |       |       |       |       |       |       |       |     1 ||     1
 Invoke: Slouch            |       |       |       |     1 |     1 |     4 |       |       |     1 ||     7
         Bend Time         |       |       |       |       |     2 |     2 |     2 |       |       ||     6
         Step From Time    |       |       |       |       |       |       |     1 |     1 |       ||     2
Ability: Breathe Steam     |       |       |    17 |    18 |     1 |       |     3 |     3 |       ||    42
  Evoke: Wand              |       |       |       |       |       |       |       |     3 |       ||     3
    Use: Scroll            |       |    12 |     4 |    10 |    10 |    12 |     6 |    18 |     1 ||    73
         Potion            |       |       |     2 |     5 |       |     1 |    11 |     5 |     5 ||    29
   Stab: Sleeping          |     4 |     2 |     1 |     2 |    11 |    33 |    25 |    14 |       ||    92
         Distracted        |       |       |       |    11 |    19 |    13 |    14 |    29 |     6 ||    92
         Confused          |       |       |       |       |       |     3 |       |       |       ||     3
         Paralysed         |       |       |       |       |       |     1 |       |       |       ||     1
 Armour: Skin              |    22 |    33 |   104 |   114 |   131 |   146 |   179 |   157 |    18 ||   904
  Dodge: Dodged            |    55 |    57 |   145 |   282 |   837 |  1055 |   917 |  1152 |   143 ||  4643
  Block: Buckler           |       |       |       |   115 |   439 |   367 |       |       |       ||   921
         Reflection        |       |       |       |       |    29 |    20 |       |       |       ||    49
         Kite shield       |       |       |       |       |       |   254 |  1032 |  1114 |   167 ||  2567

Table legend: (Time is in decaauts)
 A = Elapsed time spent in this place.
 B = Non-inter-level travel time spent in this place.
 C = Inter-level travel time spent in this place.
 D = Time resting spent in this place.
 E = Time spent auto-exploring this place.
 F = Levels seen in this place.
 G = Mean time per level.
                   A        B        C        D        E       F      G
               +--------+--------+--------+--------+--------+-----+--------+
         Total |  75025 |  67031 |   7994 |   5510 |  43478 |  57 | 1316.2 |
       Dungeon |  21550 |  17872 |   3678 |    674 |  13193 |  15 | 1436.7 |
          Lair |   9166 |   7857 |   1309 |     62 |   5793 |   5 | 1833.2 |
         Swamp |   5150 |   4814 |    336 |    227 |   3580 |   4 | 1287.5 |
     Snake Pit |   6378 |   5974 |    404 |    316 |   4158 |   4 | 1594.5 |
    Slime Pits |   1651 |   1384 |    267 |    426 |     59 |   5 |  330.2 |
  Orcish Mines |   2483 |   2111 |    372 |    116 |   1492 |   2 | 1241.5 |
   Elven Halls |   6458 |   6104 |    354 |    593 |   3617 |   3 | 2152.7 |
        Vaults |  11888 |  11197 |    691 |   1026 |   7895 |   5 | 2377.6 |
        Depths |   4187 |   3812 |    375 |    428 |   2527 |   4 | 1046.8 |
           Zot |   4399 |   4195 |    204 |   1538 |    622 |   5 |  879.8 |
         Abyss |    240 |    240 |      0 |     45 |      0 |   2 |  120.0 |
        Bazaar |     79 |     79 |      0 |      0 |     38 |   1 |   79.0 |
      Ice Cave |    755 |    755 |      0 |      0 |    455 |   1 |  755.0 |
      Gauntlet |    634 |    634 |      0 |     54 |     46 |   1 |  634.0 |
               +--------+--------+--------+--------+--------+-----+--------+

Top non-repeatable levels by time:
   Elf:3: 2847 daAuts
Vaults:2: 2824 daAuts
    D:12: 2733 daAuts
Vaults:4: 2537 daAuts
  Lair:5: 2524 daAuts
Vaults:1: 2281 daAuts
    D:14: 2273 daAuts
Vaults:3: 2263 daAuts
Depths:4: 2252 daAuts
   Elf:2: 2063 daAuts
  Lair:3: 2049 daAuts
 Snake:4: 2015 daAuts
  Lair:1: 1984 daAuts
Vaults:5: 1980 daAuts
   Zot:5: 1918 daAuts
